 Dungeon Crawl Stone Soup version 0.24-a0-67-ga78bd38 (webtiles) character file.

Game seed: 5832841244002268301

191 JeffiDaFish the Skirmisher (level 5, -1/34 HPs)
             Began as a Gargoyle Fighter on Feb 6, 2019.
             Killed by divine providence
             ... invoked by an orc priest
              (15 damage)
             ... on level 3 of the Dungeon.
             The game lasted 00:05:14 (2098 turns).

JeffiDaFish the Skirmisher (Gargoyle Fighter)       Turns: 2098, Time: 00:05:15

Health: -1/34      AC: 17    Str: 21    XL:     5   Next: 70%
Magic:  5/5        EV:  5    Int:  8    God:
Gold:   185        SH:  9    Dex:  9    Spells: 4/4 levels left

rFire    x . .     SeeInvis .   a - +1 flail
rCold    + . .     Gourm    .   c - +0 shield
rNeg     + . .     Faith    .   e - +0 chain mail
rPois    ∞         Spirit   .   (no helmet)
rElec    +         Reflect  .   (no cloak)
rCorr    .         Harm     .   g - +1 pair of gloves
MR       .....                  (no boots)
Stlth    ..........             (no amulet)
HPRegen  0.11/turn              m - ring of ice
MPRegen  0.09/turn              (no ring)

@: no status effects
A: molten scales 1, blurry vision 1, negative energy resistance 1, electricity
resistance, unbreathing, petrification resistance, rot immunity, AC +4
a: no special abilities


You were on level 3 of the Dungeon.
You were not hungry.

You visited 1 branch of the dungeon, and saw 3 of its levels.

You collected 185 gold pieces.

Inventory:

Hand Weapons
 a - a +1 flail (weapon)
Armour
 c - a +0 shield (worn)
 e - a +0 chain mail (worn)
 g - a +1 pair of gloves (worn)
Jewellery
 m - a ring of ice (left hand)
Wands
 n - a wand of polymorph (4)
Scrolls
 h - a scroll of enchant weapon
 i - 2 scrolls of amnesia {unknown}
 k - a scroll of teleportation {unknown}
 l - 2 scrolls of enchant armour
Potions
 d - a potion of might
 j - 2 potions of flight
 o - a potion of resistance
Comestibles
 b - 10 chunks of flesh
 f - 5 rations


   Skills:
 * Level 4.7 Fighting
 * Level 3.6 Maces & Flails
 + Level 4.0 Armour
 + Level 4.1 Shields


You had 4 spell levels left.
You didn't know any spells.
Your spell library was empty.

Dungeon Overview and Level Annotations

Branches:
Dungeon (3/15)

Altars:


Innate Abilities, Weirdness & Mutations

You are resistant to torment.
Your stone body is resilient. (AC +4)
You are immune to poison.
You resist negative energy. (rN+)
You are resistant to electric shocks. (rElec)
You can survive without breathing.
You are immune to petrification.
You are immune to rotting.
You are partially covered in molten scales. (AC +2)
Scrolls take you a little longer to read.


Message History

The orc priest is lightly wounded.
You block the orc priest's attack.
You closely miss the orc priest.
The orc priest is lightly wounded.
The orc priest hits you but does no damage.
You closely miss the orc priest.
The orc priest is lightly wounded.
The orc priest hits you but does no damage.
You block the orc priest's attack.
You closely miss the orc priest.
The orc priest is lightly wounded.
The orc priest barely misses you.
You hit the orc priest.
The orc priest is moderately wounded.
The orc priest hits you but does no damage.
You hit the orc priest.
The orc priest is heavily wounded.
The orc priest invokes the aid of Beogh against you.
Beogh smites you!
You die...

.....)....#
#.....#
......#####
############.###.#
#.###.#
#.........##.###.#
..# #.#
#.#######.#...##.#
#....#. #.#
#...#..>.# #####
## #.# ###...##.#
. #.# ##.###.# #.#
#.# #.# #@# #.#
#.# #o# #.#
....o.)o# #.#
#####.### #.# #.
... # ###


You could see an orc priest and an orc.

Vanquished Creatures
  An orc wizard (D:3)
  Robin (D:2)
  3 adders
  6 worms
  2 dart slugs
  7 leopard geckos
  7 orcs (D:3)
  9 bats
  3 giant cockroaches
  14 goblins
  15 hobgoblins
  5 kobolds
  A quokka (D:2)
  4 frilled lizards
  7 rats
85 creatures vanquished.

Notes
Turn   | Place    | Note
-------+----------+-------------------------------------------
     0 | D:1      | JeffiDaFish the Gargoyle Fighter began the quest for the
                  | Orb.
     0 | D:1      | Reached XP level 1. HP: 14/14 MP: 1/1
   122 | D:1      | Reached XP level 2. HP: 17/19 MP: 2/2
   672 | D:1      | Reached XP level 3. HP: 24/24 MP: 3/3
   981 | D:2      | Noticed Robin
   997 | D:2      | Killed Robin
  1019 | D:2      | Reached XP level 4. HP: 17/29 MP: 4/4
  1097 | D:2      | Gained mutation: Scrolls take you a little longer to read.
                  | [potion of mutation]
  1097 | D:2      | Gained mutation: You are partially covered in molten
                  | scales. (AC +2) [potion of mutation]
  1625 | D:3      | Reached XP level 5. HP: 22/34 MP: 5/5
  2098 | D:3      | Killed from afar by an orc priest

Vault maps used:
D:1:      wander_arrival_fairy_ring
D:2:      uniq_robin

Skill      XL: |  1  2  3  4  5 |
---------------+----------------+-----
Fighting       | 4 |  4.7
Maces & Flails | 3 |  3.6
Shields        | 4 |  4.1
Armour         | 4 |  4.0

Action                   |  1- 3 |  4- 6 || total
-------------------------+-------+-------++-------
Melee: Flail             |   141 |   202 ||   343
  Use: Scroll            |     2 |     2 ||     4
       Potion            |     1 |     7 ||     8
  Eat: Chunk             |       |     5 ||     5
Armor: Scale mail        |    21 |       ||    21
       Chain mail        |    44 |   141 ||   185
Dodge: Dodged            |    27 |    46 ||    73
Block: Shield            |    85 |   109 ||   194

Table legend:
 A = Non-vault XP
 B = Vault XP
 C = Vault XP percentage of total XP
 D = Non-vault monster count
 E = Vault monster count
 F = Vault count percentage of total count
                 A         B        C        D         E       F
            +---------+---------+-------+---------+---------+-------
      Total |     237 |      36 |  13.2 |      73 |      12 |  14.1
            +---------+---------+-------+---------+---------+-------
        D:1 |      35 |       0 |   0.0 |      19 |       0 |   0.0
        D:2 |      77 |      36 |  31.9 |      29 |      12 |  29.3
        D:3 |     125 |       0 |   0.0 |      25 |       0 |   0.0
            +---------+---------+-------+---------+---------+-------
